 Dungeon Crawl Stone Soup version 0.20.0-6-gd3061e9 (webtiles) character file.

93 inmateoo the Insei (level 4, -9/25 HPs)
             Began as a Tengu Transmuter on May 28, 2017.
             Mangled by a gnoll
             ... wielding a +0 halberd
              (14 damage)
             ... on level 3 of the Dungeon.
             The game lasted 00:03:14 (3152 turns).

inmateoo the Insei (Tengu Transmuter)               Turns: 3152, Time: 00:03:14

Health: -9/25      AC:  2    Str: 11    XL:     4   Next: 61%
Magic:  8/8        EV: 12    Int: 14    God:
Gold:   45         SH:  0    Dex: 14    Spells: 6/7 levels left

rFire    . . .     SeeInvis .     - Unarmed
rCold    . . .     Gourm    .   (no shield)
rNeg     . . .     Faith    .   b - +0 robe
rPois    .         Spirit   .   (helmet restricted)
rElec    .         Reflect  .   (no cloak)
rCorr    .         Harm     .   (no gloves)
MR       .....                  (boots unavailable)
Stlth    +.........             (no amulet)
Regen    0.1/turn               (no ring)
MPRegen  0.2/turn               (no ring)

@: confused
A: beak, talons 3
a: no special abilities


You were on level 3 of the Dungeon.
You were not hungry.

You visited 1 branch of the dungeon, and saw 3 of its levels.

You collected 45 gold pieces.

Inventory:

Hand Weapons
 f - a +0 hunting sling of freezing
Missiles
 a - 46 arrows
 m - 87 stones (quivered)
Armour
 b - a +0 robe (worn)
Scrolls
 e - a scroll of teleportation {unknown}
 h - 2 scrolls of identify {unknown}
 j - a scroll of fear {unknown}
 k - 2 scrolls of remove curse {unknown}
 l - 2 scrolls of enchant weapon {unknown}
 q - a scroll of immolation {unknown}
Potions
 i - a potion of invisibility {unknown}
 n - a potion of resistance {unknown}
 p - a potion of ambrosia
Books
 c - a book of Changes

   Spells                             Type                      Level
   a - Beastly Appendage              Transmutation                1
   b - Sticks to Snakes               Transmutation                2
   c - Spider Form                    Transmutation/Poison         3
   d - Ice Form                       Ice/Transmutation            4
   e - Blade Hands                    Transmutation                5
Comestibles
 d - 4 bread rations
 g - a meat ration


   Skills:
 - Level 1.0 Fighting
 - Level 2.1 Dodging
 + Level 5.7 Unarmed Combat
 - Level 2.0 Spellcasting
 - Level 1.5 Transmutations


You had 6 spell levels left.
You knew the following spells:

 Your Spells              Type           Power        Failure   Level  Hunger
a - Beastly Appendage     Tmut           #.....       13%         1    ##.....


Dungeon Overview and Level Annotations

Branches:
Dungeon (3/15)

Altars:
Ashenzari
Kikubaaqudgha


Innate Abilities, Weirdness & Mutations

You have a beak for a mouth.
You have claws for feet.


Message History

Unknown command.
Your horns disappear.
Found a short sword.
You see here a war axe.
A gnoll comes into view. It is wielding a spear.
The gnoll shouts!
Found a stone staircase leading up.
The gnoll closely misses you.
You hit the gnoll. You peck the gnoll.
The gnoll is severely wounded.
The gnoll completely misses you. The gnoll misses you.
It was a potion of ambrosia.
You are confused.
You feel invigorated. The gnoll barely misses you.
The gnoll hits you with a spear.
You bump into the rock wall.
The gnoll hits you with a spear!
* * * LOW HITPOINT WARNING * * *
The gnoll hits you from afar with a halberd!
Ouch! That really hurt!
You die...

.. ###. #....
#.#..######### .
#.#..........# ..
.............#
#.##.#.........#
##....####<######
#).##..@g.[..[..###
##....g#########...#
........)g..........#
###.##.##############
# #.< #.# #. .. #.#


You could see 2 gnolls.

Vanquished Creatures
  2 gnolls (D:3)
  2 adders
  A dart slug (D:1)
  2 leopard geckos
  3 giant cockroaches
  14 goblins
  2 hobgoblins
  5 jackals
  A ball python (D:2)
  9 bats (D:1)
  4 frilled lizards
  3 kobolds
  4 rats (D:1)
52 creatures vanquished.

Notes
Turn   | Place    | Note
-------+----------+-------------------------------------------
     0 | D:1      | inmateoo the Tengu Transmuter began the quest for the Orb.
     0 | D:1      | Reached XP level 1. HP: 12/12 MP: 4/4
   167 | D:1      | Reached XP level 2. HP: 14/16 MP: 6/6
   237 | D:1      | Reached skill level 4 in Unarmed Combat
   890 | D:1      | Reached XP level 3. HP: 17/20 MP: 7/7
  1634 | D:2      | Found an ancient bone altar of Kikubaaqudgha.
  1657 | D:2      | Reached skill level 5 in Unarmed Combat
  1821 | D:2      | Found a shattered altar of Ashenzari.
  2173 | D:2      | Reached XP level 4. HP: 25/25 MP: 8/8
  3152 | D:3      | Mangled by a gnoll

Skill      XL: |  1  2  3 |
---------------+----------+-----
Unarmed Combat | 4 5 |  5.7
Fighting       | |  1.0
Dodging        | |  2.1
Spellcasting   | |  2.0
Transmutations | |  1.5

Action                   |  1- 3 |  4- 6 || total
-------------------------+-------+-------++-------
Melee: Unarmed           |   116 |    22 ||   138
       Peck              |    13 |     3 ||    16
       Kick              |    16 |     6 ||    22
       Headbutt          |     3 |     3 ||     6
       Punch             |     1 |       ||     1
 Fire: Hunting sling     |       |     5 ||     5
 Cast: Beastly Appendage |     4 |     4 ||     8
  Use: Potion            |     1 |     1 ||     2
 Stab: Sleeping          |     2 |       ||     2
  Eat: Chunk             |     3 |     2 ||     5
       Royal jelly       |       |     1 ||     1
Armor: Robe              |    18 |       ||    18
Dodge: Dodged            |    83 |    27 ||   110
